 Dungeon Crawl Stone Soup version 0.29-a0-643-ga013cefcf8 (webtiles) character file.

Game seed: 15980688869704079046

212 mandarbmax the Sneak (level 5, -12/27 HPs)
             Began as a Vampire Enchanter on June 20, 2022.
             Mangled by a two-headed ogre
             ... wielding a +0 giant club
              (16 damage)
             ... on level 4 of the Dungeon.
             The game lasted 00:09:49 (3736 turns).

mandarbmax the Sneak (Vampire Enchanter)            Turns: 3736, Time: 00:09:50

Health: -12/27     AC:  7    Str:  7    XL:     5   Next: 58%
Magic:  4/8        EV: 12    Int: 19    God:
Gold:   256        SH:  0    Dex: 15    Spells: 3/8 levels left

rFire   + . .      SeeInvis +   a - +1 dagger
rCold   + + .      Faith    .   (no shield)
rNeg    + + +      Spirit   .   y - +0 leather armour {rF+}
rPois   ∞          Reflect  .   (no helmet)
rElec   .          Harm     .   m - +1 cloak
rCorr   .          Rampage  .   (no gloves)
Will    .....                   t - +1 pair of boots
Stlth   +++++.....              (no amulet)
HPRegen 0.00/turn               (no ring)
MPRegen 0.11/turn               (no ring)

@: bloodless, inhibited regen, invisible
A: bloodless, fangs 3, see invisible, vampiric 2, [frail 1]
a: Bat Form, Revivify


You were on level 4 of the Dungeon.
You visited 1 branch of the dungeon, and saw 4 of its levels.

You collected 256 gold pieces.

Inventory:

Hand Weapons
 a - a +1 dagger (weapon)
Missiles
 i - 13 poisoned darts (quivered)
 s - 8 boomerangs
Armour
 b - a +0 robe
 m - a +1 cloak (worn)
 q - a +0 troll leather armour
 t - a +1 pair of boots (worn)
 y - a +0 leather armour of fire resistance (worn)
Jewellery
 d - a ring of ice
 v - a ring of protection from cold
Scrolls
 e - a scroll of enchant weapon {unknown}
 f - 2 scrolls of amnesia {unknown}
 g - a scroll of fear {unknown}
 h - a scroll of torment {unknown}
 l - a scroll of summoning {unknown}
 p - 2 scrolls of teleportation
 r - a scroll of silence {unknown}
 w - a scroll of vulnerability {unknown}
Potions
 j - a potion of flight
 k - 4 potions of cancellation {unknown}
 n - a potion of might
 o - 2 potions of curing
 u - a potion of heal wounds {unknown}
 x - a potion of lignification
 z - a potion of brilliance


   Skills:
 + Level 2.6 Fighting
 - Level 4.0 Short Blades
 - Level 3.0 Dodging
 - Level 5.0 Stealth
 - Level 2.0 Spellcasting
 - Level 5.0 Hexes


You had 3 spell levels left.
You knew the following spells:

 Your Spells              Type           Power      Damage    Failure   Level
a - Ensorcelled Hibernat  Hex/Ice        22%        N/A       14%         2
b - Spider Form           Tmut/Pois      1%         N/A       58%         3

Your spell library contained the following spells:

 Spells                   Type           Power      Damage    Failure   Level
 Confusing Touch          Hex            20%        N/A       10%         3
 Tukima's Dance           Hex            20%        N/A       10%         3
 Dazzling Flash           Conj/Hex       22%        N/A       26%         3
 Anguish                  Hex/Necr       5%         N/A       65%         4
 Hailstorm                Conj/Ice       1%         3d3       94%         4
 Ice Form                 Ice/Tmut       1%         N/A       94%         4
 Simulacrum               Ice/Necr       0%         N/A       100%        6


Dungeon Overview and Level Annotations

Branches:
Dungeon (4/15)
 Temple: D:4-7

Altars:


Innate Abilities, Weirdness & Mutations

You do not regenerate when monsters are visible.
You are frail without blood (-20% HP).
You can heal yourself when you bite living creatures.
You are immune to poison.
You have razor-sharp teeth.
You have supernaturally acute eyesight. (SInv)
You are afflicted with vampirism and can become a bat while bloodless.
[You are frail. (-10% HP)]


Message History

You open the door.
There is an open door here.
You open the door.
A two-headed ogre and a quokka come into view.
Found 51 gold pieces.
There are monsters nearby!
There are monsters nearby!
There are monsters nearby!
A giant cockroach comes into view.
There is an open door here.
There is an open door here.
Casting: Ensorcelled Hibernation (safe; 14% risk of failure)
Confirm with . or Enter, or press ? or * to list all spells.
Aiming: Ensorcelled Hibernation (safe; 14% risk of failure)
Press: ? - help, Shift-Dir - straight line, f - two-headed ogre
Aim: a two-headed ogre, wielding a +0 giant club and a +0 giant spiked club (chance to affect: 28%)
The two-headed ogre easily resists.
Casting: Ensorcelled Hibernation (safe; 14% risk of failure)
Confirm with . or Enter, or press ? or * to list all spells.
Aiming: Ensorcelled Hibernation (safe; 14% risk of failure)
Press: ? - help, Shift-Dir - straight line, f/p - two-headed ogre
Aim: a two-headed ogre, wielding a +0 giant club and a +0 giant spiked club (chance to affect: 28%)
The two-headed ogre easily resists.
The two-headed ogre hits you with a +0 giant club.
The two-headed ogre hits you with a +0 giant spiked club!!
Ouch! That really hurt!
* * * LOW HITPOINT WARNING * * *
Casting: Ensorcelled Hibernation (safe; 14% risk of failure)
Confirm with . or Enter, or press ? or * to list all spells.
Aiming: Ensorcelled Hibernation (safe; 14% risk of failure)
Press: ? - help, Shift-Dir - straight line, f/p - two-headed ogre
Aim: a two-headed ogre, wielding a +0 giant club and a +0 giant spiked club (chance to affect: 28%)
Okay, then.
Casting: Ensorcelled Hibernation (safe; 14% risk of failure)
Confirm with . or Enter, or press ? or * to list all spells.
Okay, then.
You fade into invisibility!
The two-headed ogre hits you with a +0 giant club!
Ouch! That really hurt!
You die...

#...$..##....##.......
#...##..†...##.....)
###'#....†...##.....
#.#........'.....#
#.#........'......
#.'........##.....
#.##......##......
#O###....##....... #@#
######........ #+#
......... ....(....
......... .....>..
....... .......
....... #..###


You could see a two-headed ogre (can't see you).

Vanquished Creatures
  A gnoll shaman (D:3)
  An iguana (D:4)
  3 gnolls (D:3)
  2 adders
  4 worms
  2 dart slugs
  8 orcs
  7 bats
  6 endoplasms
  3 giant cockroaches
  6 goblins
  9 hobgoblins
  7 jackals
  2 quokkas
  9 ball pythons
  4 frilled lizards
  10 kobolds
  5 rats
89 creatures vanquished.

Vanquished Creatures (others)
  A fungus (D:1)
  6 plants (D:1)
7 creatures vanquished.

Grand Total: 96 creatures vanquished

Notes
Turn   | Place    | Note
-------+----------+-------------------------------------------
     0 | D:1      | mandarbmax the Vampire Enchanter began the quest for the
                  | Orb.
     0 | D:1      | Reached XP level 1. HP: 13/13 MP: 3/3
   412 | D:1      | Reached XP level 2. HP: 14/15 MP: 5/5
   431 | D:1      | Learned a level 2 spell: Ensorcelled Hibernation
   465 | D:1      | Found a faded altar of an unknown god.
  1393 | D:1      | Gained mutation: You are afflicted with vampirism and can
                  | become a bat while bloodless. [Vampire growth]
  1393 | D:1      | Reached XP level 3. HP: 15/19 MP: 6/6
  1936 | D:2      | Learned a level 3 spell: Spider Form
  2030 | D:2      | Reached skill level 5 in Stealth
  2179 | D:2      | Reached skill level 5 in Hexes
  2777 | D:3      | Reached XP level 4. HP: 16/21 MP: 4/7
  3141 | D:3      | Reached skill level 1 in Fighting
  3141 | D:3      | Reached XP level 5. HP: 22/25 MP: 8/8
  3722 | D:4      | Noticed a two-headed ogre
  3736 | D:4      | Mangled by a two-headed ogre

Illustrated notes

Levels and vault maps discovered:
D:1:      shiori_arrival_maze, layout_basic,
          shapermc_ecumenical_altar_mp_urbaneastern
D:2:      layout_loops_ring, kennysheep_flooded_box, minmay_box_of_dots
D:3:      layout_loops_ring, st_stairs_3
D:4:      minmay_polygon_palace, layout_cave_pools, minmay_joined_circles

Skill      XL: |  1  2  3  4  5 |
---------------+----------------+-----
Short Blades   | 2 3 4 |  4.0
Stealth        | 5 |  5.0
Hexes          | 5 |  5.0
Dodging        | 3 |  3.0
Fighting       | 1 2 |  2.6
Spellcasting   | |  2.0

Action                   |  1- 3 |  4- 6 || total
-------------------------+-------+-------++-------
Melee: Dagger            |   111 |   101 ||   212
       Bite              |     7 |     3 ||    10
       Punch             |       |     1 ||     1
Throw: Dart              |    13 |       ||    13
 Cast: Ensorcelled Hiber |    13 |     8 ||    21
       Spider Form       |     1 |       ||     1
 Abil: Exsanguinate      |     2 |       ||     2
       Revivify          |     1 |       ||     1
  Use: Scroll            |     1 |     6 ||     7
       Potion            |     1 |     2 ||     3
 Stab: Sleeping          |    29 |    18 ||    47
       Invisible         |       |     7 ||     7
Armor: Robe              |    23 |       ||    23
       Troll leather arm |     6 |     2 ||     8
       Leather armour    |       |    43 ||    43
Dodge: Dodged            |    67 |    54 ||   121

Table legend: (Time is in decaauts)
 A = Elapsed time spent in this place.
 B = Non-inter-level travel time spent in this place.
 C = Inter-level travel time spent in this place.
 D = Time resting spent in this place.
 E = Time spent auto-exploring this place.
 F = Levels seen in this place.
 G = Mean time per level.
                   A        B        C        D        E       F      G
               +--------+--------+--------+--------+--------+-----+--------+
         Total |   3698 |   3650 |     48 |    291 |   2668 |   4 |  924.5 |
       Dungeon |   3698 |   3650 |     48 |    291 |   2668 |   4 |  924.5 |
               +--------+--------+--------+--------+--------+-----+--------+

Top non-repeatable levels by time:
     D:1: 1602 daAuts
     D:2: 1042 daAuts
     D:3: 699 daAuts
     D:4: 354 daAuts
